 Dungeon Crawl Stone Soup version 0.19-a0-1875-g4fea3da (webtiles) character file.

8443 Television the Slicer (level 11, -1/80 HPs)
             Began as a Halfling Transmuter on Oct 13, 2016.
             Was a Priest of Ashenzari.
             Slain by a centaur (2 damage)
             ... led by a centaur warrior
             ... on level 14 of the Dungeon.
             The game lasted 00:35:46 (10782 turns).

Television the Slicer (Halfling Transmuter)        Turns: 10782, Time: 00:35:47

Health: -1/80      AC:  9    Str: 33    XL:     11   Next: 55%
Magic:  22/22      EV: 21    Int:  8    God:    Ashenzari [***...]
Gold:   212        SH:  0    Dex: 17    Spells: 2 memorised, 10 levels left

rFire  + . .     SeeInvis +     L - +4 short sword of Dawn {drain, *Corrode rElec Str+6} (curse)
rCold  + . .     Gourm    .     O - +0 troll leather armour
rNeg   . . .     Faith    .     (shield restricted)
rPois  +         Spirit   .     R - -2 helmet of the Inquisitive Realms {rPois MP+9 Str+9 Int-3} (curse)
rElec  +         Dismiss  .     y - +2 cloak (curse)
rCorr  +         Reflect  .     (no gloves)
MR     +....     Harm     .     j - +1 pair of boots
Stlth  +++.......               F - amulet of regeneration (curse)
                                B - ring of wizardry
                                e - ring of protection from magic

@: mighty, resistant
A: mutation resistance 1
a: Curse Item, Scrying, Renounce Religion


You were on level 14 of the Dungeon.
You worshipped Ashenzari.
Ashenzari was most pleased with you.
You were not hungry.

You visited 2 branches of the dungeon, and saw 15 of its levels.

You collected 478 gold pieces.
You spent 266 gold pieces at shops.

Inventory:

Hand Weapons
 i - a +0 short sword
 s - a +1 hunting sling of freezing
 w - a +2 dagger of venom
 L - the cursed +4 short sword of Dawn (weapon) {drain, *Corrode rElec Str+6}
   (You found it on level 5 of the Dungeon)

   A truly terrible weapon, it drains the life of those it strikes.
   It affects your strength (+6).
   It insulates you from electricity.
   It may corrode you when you take damage.
   It has a curse placed upon it.
 N - a +0 rapier of speed
Missiles
 a - 210 arrows
 u - 52 sling bullets
Armour
 j - a +1 pair of boots (worn)
 y - a cursed +2 cloak (worn)
 z - +0 steam dragon scales
 O - a +0 troll leather armour (worn)
 R - the cursed -2 helmet of the Inquisitive Realms (worn) {rPois MP+9 Str+9 Int-3}
   (You bought it in a shop on level 7 of the Dungeon)

   It affects your strength (+9).
   It affects your intelligence (-3).
   It protects you from poison.
   It affects your magic capacity (+9).
   It has a curse placed upon it.
Jewellery
 e - a ring of protection from magic (left hand)
 q - an uncursed ring of protection from cold
 v - an uncursed ring of protection from cold
 B - a ring of wizardry (right hand)
 F - a cursed amulet of regeneration (around neck)
 M - an uncursed ring of positive energy
Wands
 k - a wand of teleportation (4/9)
 o - a wand of disintegration (10/24)
 t - a wand of paralysis (9/24)
 K - a wand of iceblast (2/15)
 P - a wand of random effects (0/48)
 Q - a wand of iceblast (11/15)
 U - a wand of digging (9/24)
Scrolls
 p - a scroll of enchant armour
 r - a scroll of teleportation
 D - a scroll of immolation
 G - 5 scrolls of identify
 S - 2 scrolls of recharging
Potions
 b - 2 potions of brilliance
 f - a potion of might
 g - 2 potions of lignification
 h - 10 potions of curing
 l - 3 potions of ambrosia
 x - a potion of haste
 A - a potion of agility
 C - 3 potions of cure mutation
 E - a potion of cancellation
 J - a potion of flight
Books
 c - a book of Changes

   Spells                             Type                      Level
   a - Beastly Appendage              Transmutation                1
   b - Sticks to Snakes               Transmutation                2
   c - Spider Form                    Transmutation/Poison         3
   d - Ice Form                       Ice/Transmutation            4
   e - Blade Hands                    Transmutation                5
Comestibles
 d - 6 bread rations
 m - 2 beef jerkies
 n - 2 fruits
 H - a slice of pizza
 T - 2 chunks of flesh


   Skills:
 + Level 9.4 Fighting
 - Level 10.4(13.1) Short Blades
 - Level 6.0 Armour
 + Level 9.4 Dodging
 - Level 4.4 Stealth
 - Level 2.4 Unarmed Combat
 - Level 1.5 Spellcasting
 - Level 1.2 Transmutations


You had 10 spell levels left.
You knew the following spells:

 Your Spells              Type           Power        Failure   Level  Hunger
a - Beastly Appendage     Tmut           #.....       10%         1    ##.....
b - Sticks to Snakes      Tmut           #.......     16%         2    ###....


Dungeon Overview and Level Annotations

Branches:
Dungeon (14/15)            Temple (1/1) D:4            Lair (0/6) D:11
    Orc (0/2) D:10
 Vaults: D:13-14

Altars:
Ashenzari
Cheibriados
Dithmenos
Elyvilon
Fedhas
Gozag
Hepliaklqana
Kikubaaqudgha
Makhleb
Nemelex Xobeh
Okawaru
Qazlal
Ru
Sif Muna
Trog
Uskayaw
Vehumet
Xom
Yredelemnul
Zin
The Shining One

Shops:
D:4 (   D:7 [%:   D:10 (

Annotations:
D:2 1 runed door
D:3 Grinder
D:12 Graouh's ghost, journeyman MiFi
D:13 1 runed door


Innate Abilities, Weirdness & Mutations

You are small and have problems with some larger weapons.
You are somewhat resistant to further mutation.


Message History

You perforate the centaur warrior like a sieve!!!!
You kill the centaur warrior!
The centaur misses you. The centaur barely misses you.
The centaur closely misses you.
The centaur wields a shortbow.
The centaur shoots an arrow.
The arrow completely misses you.
The arrow hits the centaur!
The centaur wields an uncursed shortbow.
The centaur shoots an arrow.
The arrow misses you.
The arrow closely misses the centaur.
The centaur warrior misses you.
The centaur wields a shortbow.
The centaur shoots an arrow.
The arrow barely misses you. The centaur hits you.
* * * LOW HITPOINT WARNING * * *
The centaur misses you.
The centaur wields an uncursed shortbow.
The centaur shoots an arrow.
The arrow barely misses you. The centaur hits you.
* * * LOW HITPOINT WARNING * * *
The centaur warrior hits you.
* * * LOW HITPOINT WARNING * * *
The centaur misses you. The centaur hits you.
You die... cc

,,..#.* .., , #c# * , *#.#.#
#.# * #.# ** # ##'#.# ##.## *
#.# #.##....# #...### #c###
#.......## #.....# ,*
#.#.######......(## #...#.#*,
#...............c.####...#.# #
.9............ccc.(.......<##.#
#...$###.....cc(@c####........#
#..{####.#....ccc## ##.##.####
#....(.#.##(....## ####.#
##.###9#.###...## ##.##
#.###{#.# ##'# ##...# #.......#
#.# #..#.# ####..(#####.#######
#....# #......##.......# #.####
#.(.##.#...####.# #.#


You could see a centaur warrior and 9 centaurs.

Vanquished Creatures
  A centaur warrior (D:14)
  The ghost of Lochraine the Arsonist, a novice DEFE of Sif Muna (D:7)
  2 hill giants (D:12)
  A deep elf mage (D:14)
  A manticore (D:12)
  A cyclops (D:14)
  A gargoyle (D:14)
  A troll (D:6)
  A hippogriff (D:10)
  A vampire (D:12)
  Eustachio (D:5)
  A steam dragon (D:10)
  Edmund (D:5)
  Duvessa (D:6)
  4 orc warriors
  2 ice beasts
  A sky beast (D:11)
  A black bear (D:11)
  2 ogres
  A phantom (D:10)
  3 centaurs
  4 bullfrogs
  Dowan (D:6)
  A wyvern skeleton (D:9)
  5 scorpions
  6 wights
  6 howler monkeys
  5 crimson imps
  4 bullfrog zombies
  6 orc priests
  A bullfrog skeleton (D:11)
  12 hounds
  5 jellies
  3 iguanas
  5 orc wizards
  10 worker ants
  13 gnolls
  9 adders
  A howler monkey skeleton (D:8)
  3 oozes
  3 adder skeletons
  A worm (D:2)
  2 dart slugs
  7 leopard geckos
  36 orcs
  2 giant cockroaches
  10 goblins
  9 hobgoblins
  9 jackals
  3 quokkas
  A ball python (D:1)
  5 bats (D:1)
  6 frilled lizards
  2 jackal skeletons
  4 kobolds
  3 quokka skeletons
  6 rats
238 creatures vanquished.

Vanquished Creatures (collateral kills)
  A gnoll (D:2)
  An adder (D:2)
  A goblin (D:2)
  A hobgoblin (D:1)
  A rat (D:2)
5 creatures vanquished.

Vanquished Creatures (others)
  4 toadstools (D:1)
4 creatures vanquished.

Grand Total: 247 creatures vanquished

Notes
Turn   | Place    | Note
-------+----------+-------------------------------------------
     0 | D:1      | Television the Halfling Transmuter began the quest for the Orb.
     0 | D:1      | Reached XP level 1. HP: 12/12 MP: 3/3
    46 | D:1      | Reached skill level 1 in Fighting
   223 | D:1      | Reached skill level 1 in Short Blades
   400 | D:1      | Reached XP level 2. HP: 18/18 MP: 1/4
   707 | D:1      | Reached skill level 2 in Short Blades
   904 | D:1      | Reached XP level 3. HP: 18/23 MP: 3/5
  1201 | D:2      | Found a runed door.
  1201 | D:2      | Noticed a human
  1239 | D:2      | Found a basalt altar of Yredelemnul.
  1385 | D:2      | Found a shimmering altar of Xom.
  1452 | D:2      | Learned a level 2 spell: Sticks to Snakes
  1464 | D:2      | Reached skill level 3 in Short Blades
  1811 | D:2      | Reached XP level 4. HP: 29/29 MP: 2/6
  2061 | D:3      | Found a snail-covered altar of Cheibriados.
  2075 | D:3      | Noticed Grinder
  2548 | D:2      | Reached skill level 1 in Stealth
  3050 | D:2      | Reached XP level 5. HP: 32/34 MP: 2/7
  3698 | D:3      | Reached skill level 4 in Short Blades
  4027 | D:3      | Paralysed by Grinder for 3 turns
  4041 | D:4      | Found a deep blue altar of Sif Muna.
  4104 | D:4      | Reached XP level 6. HP: 24/41 MP: 8/8
  4183 | D:4      | Got a bloodstained war axe
  4307 | D:4      | Reached skill level 5 in Short Blades
  4654 | D:4      | Reached XP level 7. HP: 46/46 MP: 9/9
  4715 | D:4      | Reached skill level 6 in Short Blades
  4886 | D:4      | Found Xarghud's Weapon Boutique.
  5021 | D:4      | Found a staircase to the Ecumenical Temple.
  5030 | Temple   | Entered the Ecumenical Temple
  5140 | Temple   | Became a worshipper of Ashenzari the Shackled
  5224 | D:4      | Found an ancient bone altar of Kikubaaqudgha.
  5226 | D:4      | Found a white marble altar of Elyvilon.
  5342 | D:4      | Found a hazy altar of Hepliaklqana.
  5626 | D:5      | Entered Level 5 of the Dungeon
  5698 | D:6      | Got the uncursed ring mail "Apocs" {rC+ Regen+ Dex-3}
  5710 | D:6      | Identified the +1 ring mail "Apocs" {rC+ Regen+ Dex-3} (You found it on level 6 of the Dungeon)
  5776 | D:6      | Reached skill level 7 in Short Blades
  6043 | D:5      | Reached skill level 1 in Armour
  6043 | D:5      | Reached XP level 8. HP: 31/53 MP: 10/10
  6118 | D:5      | Noticed Edmund
  6139 | D:5      | Killed Edmund
  6468 | D:5      | Got the short sword of Dawn {drain, *Corrode rElec Str+6}
  6469 | D:5      | Identified the +4 short sword of Dawn {drain, *Corrode rElec Str+6} (You found it on level 5 of the Dungeon)
  6505 | D:5      | Noticed Eustachio
  6535 | D:5      | Killed Eustachio
  6535 | D:5      | Reached skill level 8 in Short Blades
  6568 | D:5      | Reached * piety under Ashenzari
  6857 | D:6      | Found an opulent altar of Gozag.
  6866 | D:6      | Noticed Dowan
  6866 | D:6      | Noticed Duvessa
  6890 | D:6      | Killed Duvessa
  6890 | D:6      | Reached skill level 9 in Short Blades
  6890 | D:6      | Reached XP level 9. HP: 55/59 MP: 11/11
  6897 | D:6      | Killed Dowan
  7062 | D:6      | Noticed a troll
  7067 | D:6      | Killed a troll
  7150 | D:6      | Found a burning altar of Makhleb.
  7165 | D:6      | Found a radiant altar of Vehumet.
  7235 | D:6      | Reached skill level 5 in Fighting
  7247 | D:6      | Reached skill level 10 in Short Blades
  7439 | D:7      | Found Onyu's Food Shop.
  7504 | D:7      | Found Voun's Book Shoppe.
  7519 | D:7      | Noticed Lochraine's ghost (novice DEFE)
  8003 | D:8      | Found a hide-covered altar of Uskayaw.
  8235 | D:8      | Reached skill level 5 in Armour
  8320 | D:7      | Found Niock's Antique Armour Shop.
  8323 | D:7      | Bought a dazzling helmet for 266 gold pieces
  8333 | D:7      | Identified the cursed -2 helmet of the Inquisitive Realms {rPois MP+9 Str+9 Int-3} (You bought it in a shop on level 7 of the Dungeon)
  8410 | D:7      | Reached ** piety under Ashenzari
  8495 | D:7      | Killed Lochraine's ghost
  8495 | D:7      | Reached XP level 10. HP: 68/68 MP: 12/12
  8955 | D:9      | Reached skill level 5 in Dodging
  9396 | D:10     | Entered Level 10 of the Dungeon
  9447 | D:10     | Found a staircase to the Orcish Mines.
  9666 | D:10     | Found Nippos's Antique Weapon Shop.
  9747 | D:10     | Found an ancient bone altar of Kikubaaqudgha.
 10127 | D:11     | Found a shadowy altar of Dithmenos.
 10127 | D:11     | Noticed a centaur warrior
 10127 | D:11     | Noticed a brown ugly thing
 10127 | D:11     | Noticed a tengu warrior
 10156 | D:11     | Noticed an eight-headed hydra
 10161 | D:12     | Noticed a hill giant
 10323 | D:12     | Killed a hill giant
 10353 | D:12     | Reached XP level 11. HP: 77/77 MP: 13/13
 10386 | D:12     | Noticed a hill giant
 10423 | D:12     | Killed a hill giant
 10464 | D:12     | Noticed a manticore
 10480 | D:12     | Killed a manticore
 10534 | D:12     | Noticed Graouh's ghost (journeyman MiFi)
 10542 | D:12     | Noticed a hill giant
 10550 | D:13     | Found a runed door.
 10550 | D:13     | Noticed a deep troll earth mage
 10553 | D:13     | Noticed a sphinx
 10554 | D:13     | Noticed an orc sorcerer
 10561 | D:13     | Noticed a manticore
 10571 | D:13     | Identified the +12 dagger of the Hills {pierce, +Inv rN+}
 10595 | D:13     | Noticed a vault guard
 10644 | D:14     | Noticed a deep elf mage
 10659 | D:14     | Killed a deep elf mage
 10693 | D:14     | Noticed a cyclops
 10703 | D:14     | Killed a cyclops
 10710 | D:14     | Reached *** piety under Ashenzari
 10752 | D:14     | Noticed a centaur warrior
 10757 | D:14     | Noticed a centaur warrior
 10781 | D:14     | Killed a centaur warrior
 10782 | D:14     | HP: 4/80 [centaur[a centaur warrior] (4)]
 10782 | D:14     | HP: 1/80 [centaur warrior (3)]
 10782 | D:14     | Slain by a centaur

Vault maps used:
D:1:      ldierk_water_garden, minmay_door_square
D:2:      lemuel_doored_altar, first_bread, dk_yredelemnul_ordeal
D:3:      old_standard_altar, lemuel_round_altar, uniq_grinder
D:4:      nicolae_overflow_hidden_temple, serial_shops, nicolae_shop_crystal
D:5:      uniq_eustachio, uniq_edmund
D:6:      grunt_temple_overflow_lords_of_destruction, grunt_gozag_statues,
          uniq_duvessa
D:7:      serial_shops, kennysheep_mini_moat, nicolae_shop_statue_plus,
          nicolae_shop_waterfront, grunt_ogre_cave
D:8:      old_standard_altar, amethyst_killhole
D:10:     orc_0_dummy, basic_altar, serial_shops, shop_fountains
D:11:     minmay_lair_entry_grove, minmay_ruined_shrine
D:12:     minmay_open_boxes_in_corner, serial_shops, nicolae_shop_crystal,
          statue_in_the_mist_lemuel
D:13:     erik_vaults_2, serial_column_ruins, column_ruins_grid_4,
          column_ruins_open_tiny_water, column_ruins_corridor_straight,
          column_ruins_grid_1, kennysheep_treasure_room
D:14:     minmay_misc_feat_rows, enter_bailey_7
Temple:   zaba_magenta_temple

Skill      XL: |  1  2  3  4  5  6  7  8  9 10 11 |
---------------+----------------------------------+-----
Fighting       | 1 2 3 4 6 8 9 |  9.4
Short Blades   | 1 2 3 4 5 7 9 10 | 10.4
Stealth        | 1 2 3 4 |  4.4
Armour         | 1 3 5 6 |  6.0
Dodging        | 4 7 9 |  9.4
Unarmed Combat | |  2.4
Spellcasting   | |  1.5
Transmutations | |  1.2

Action                   |  1- 3 |  4- 6 |  7- 9 | 10-12 || total
-------------------------+-------+-------+-------+-------++-------
Melee: Dagger            |   129 |   147 |   207 |       ||   483
       Unarmed           |     7 |       |       |       ||     7
       Headbutt          |    15 |       |       |       ||    15
       Punch             |     3 |     3 |     5 |     8 ||    19
       Short sword       |       |    36 |   207 |   309 ||   552
 Fire: Hunting sling     |       |     8 |       |       ||     8
 Cast: Beastly Appendage |    17 |       |       |       ||    17
       Sticks to Snakes  |     2 |    10 |     3 |       ||    15
Invok: Curse Item        |       |       |     2 |     1 ||     3
Evoke: Wand              |       |       |    14 |    11 ||    25
  Use: Potion            |       |     2 |     3 |     4 ||     9
       Scroll            |       |    12 |     8 |    10 ||    30
 Stab: Sleeping          |     2 |     2 |     7 |     9 ||    20
       Distracted        |       |     1 |     1 |       ||     2
       Invisible         |       |       |     2 |     5 ||     7
       Paralysed         |       |       |     1 |     1 ||     2
  Eat: Chunk             |     3 |     9 |    13 |     2 ||    27
       Beef jerky        |       |     1 |       |       ||     1
       Fruit             |       |     1 |       |       ||     1
       Meat ration       |       |       |       |     1 ||     1
Armor: Leather armour    |    33 |    44 |    12 |       ||    89
       Ring mail         |       |       |    65 |       ||    65
       Troll leather arm |       |       |    30 |    47 ||    77
Dodge: Dodged            |    97 |   123 |   211 |   242 ||   673
